Map: Ruins of Seras

Players

KiFirE

  • Race: Protoss Protoss
  • League: Grandmaster

BunnyWillis - Winner!

  • Race: Terran Terran
  • League: Grandmaster

VOD

Have the link to the VOD?

Description

Time

  • Played on: Nov. 20, 2015, 6:34 p.m.
  • Length: 14:38
Show
View Real Time Build Order
Export as new Build Order

KiFirE Protoss 

Build Orders: 1 Gate Expand 

Get SALT Encoding   

  12  0:01  Probe (Chrono Boost)  
  13  0:11  Probe (Chrono Boost)  
  14  0:18  Pylon  
  14  0:22  Probe (Chrono Boost)  
  15  0:36  Gateway  
  15  0:39  Probe (Chrono Boost)  
  16  0:50  Probe (Chrono Boost)  
  16  0:52  Assimilator  
  17  1:00  Probe (Chrono Boost)  
  18  1:11  Probe (Chrono Boost)  
  19  1:24  Nexus  
  19  1:35  Cybernetics Core  
  19  1:38  Probe (Chrono Boost)  
  20  1:47  Pylon  
  20  1:49  Probe (Chrono Boost)  
  21  1:58  Assimilator  
  21  2:03  Probe (Chrono Boost)  
  21  2:11  Adept (Chrono Boost)  
  21  2:12  Warp Gate  
  23  2:15  Probe (Chrono Boost)  
  24  2:23  Pylon  
  24  2:29  Probe  
  25  2:36  Adept (Chrono Boost)  
  29  2:44  Mothership Core  
  29  2:47  Probe  
  29  3:10  Probe  
  29  3:11  Probe  
  31  3:16  Robotics Facility  
  31  3:20  Probe  
  31  3:23  Probe  
  31  3:25  Adept (Chrono Boost)  
  35  3:30  Gateway  
  35  3:31  Probe  
  36  3:35  Gateway, Probe  
  37  3:41  Probe  
  37  3:48  Probe  
  39  3:49  Sentry (Chrono Boost)  
  39  3:52  Probe  
  42  4:14  Warp Prism (Chrono Boost)  
  44  4:20  Probe  
  44  4:21  Probe  
  44  4:23  Assimilator  
  46  4:27  Assimilator  
  46  4:30  Probe  
  46  4:37  Nexus  
  46  4:38  Adept, Pylon  
  49  4:43  Probe  
  49  4:45  Pylon  
  50  4:46  Observer (Chrono Boost)  
  51  4:55  Adept  
  53  5:05  Observer (Chrono Boost)  
  54  5:08  Stalker  
  54  5:09  Stalker  
  54  5:10  Probe  
  54  5:11  Probe  
  59  5:23  Probe  
  59  5:26  Immortal (Chrono Boost)  
  62  5:37  Pylon  
  62  5:42  Pylon  
  62  5:47  Probe  
  62  5:48  Probe  
  64  5:52  Robotics Bay, Pylon  
  64  5:54  Forge, Pylon  
  64  5:57  Probe, Twilight Council  
  65  6:04  Gateway  
  65  6:09  Gateway  
  65  6:12  Adept x3  
  68  6:37  Probe  
  68  6:39  Probe  
  70  6:41  Stalker x3  
  70  7:08  Probe  
  70  7:09  Probe  
  72  7:19  Protoss Ground Weapons Level 1  
  72  7:23  Pylon  
  72  7:27  Disruptor (Chrono Boost)  
  75  7:35  Pylon  
  74  7:37  Probe  
  74  7:39  Probe  
  74  7:41  Assimilator  
  74  7:43  Assimilator  
  76  7:47  Probe  
  76  7:51  Probe x2, Photon Cannon  
  78  7:57  Blink (Chrono Boost)  
  76  8:13  Probe  
  76  8:15  Probe  
  76  8:16  Colossus (Chrono Boost)  
  76  8:19  Probe, Extended Thermal Lance  
  85  8:24  Probe  
  86  8:27  Probe  
  87  8:34  Probe  
  87  8:35  Probe  
  87  8:40  Probe  
  90  8:43  Stalker x3  
  90  8:47  Probe  
  90  8:48  Probe  
  98  9:01  Probe  
  99  9:02  Probe  
  99  9:03  Probe  
  99  9:05  Stalker x2, Pylon  
  105  9:21  Stalker x3  
  111  9:28  Probe  
  111  9:30  Probe x2  
  114  9:31  Protoss Ground Weapons Level 2 (Chrono Boost)  
  111  9:41  Probe  
  111  9:42  Probe  
  111  9:43  Probe  
  111  9:45  Assimilator  
  114  9:46  Colossus (Chrono Boost)  
  118  9:54  Adept  
  118  9:55  Adept x2  
  118  9:56  Sentry  
  122  10:18  Adept x4  
  123  10:53  Nexus  
  123  10:56  Pylon  
  123  10:57  Pylon  
  123  10:58  Resonating Glaives  
  123  11:02  Templar Archives  
  123  11:14  Probe x2, Observer (Chrono Boost)  
  123  11:16  Nexus  
  123  11:18  Pylon  
  126  11:25  Stalker x3  
  126  11:26  Stalker  
  134  11:38  Colossus  
  134  11:48  Probe x2, Protoss Ground Armor Level 1 (Chrono Boost)  
  134  11:51  Adept x3  
  142  11:56  Pylon  
  142  11:57  Pylon  
  138  12:12  Stalker x3  
  132  12:26  Stalker x2  
  136  12:32  Probe  
  136  12:34  Probe x3  
  140  12:38  Stalker x2  
  140  12:43  Probe  
  144  12:46  Probe x2  
  122  13:02  Stalker x4  
  90  13:21  Colossus  
  84  13:27  High Templar x2  
  84  13:28  High Templar x2  
  84  13:29  Adept  
  84  13:32  Archon x2  
  84  13:52  Gateway  
  84  13:53  Gateway  
  84  13:54  Assimilator  
  84  13:55  Stalker  
  86  13:59  Assimilator  
  86  14:03  Stalker  
  86  14:04  Stalker x3  
  94  14:12  Probe  
  94  14:14  Probe  
  80  14:31  Adept x5  
Show
View Real Time Build Order
Export as new Build Order

BunnyWillis Terran - Winner!

Build Orders: Liberator Opening, Reaper Expand, MMM Bio 

Get SALT Encoding   

  12  0:01  SCV  
  13  0:13  SCV  
  14  0:20  Supply Depot  
  14  0:25  SCV  
  15  0:41  SCV  
  16  0:43  Barracks  
  16  0:46  Refinery  
  16  0:53  SCV  
  17  1:05  SCV  
  18  1:18  SCV  
  19  1:30  Orbital Command  
  19  1:31  Reaper  
  20  1:46  Command Center  
  20  1:54  Supply Depot  
  20  1:57  SCV  
  21  2:09  SCV  
  21  2:11  Barracks Reactor  
  22  2:21  SCV  
  23  2:26  Factory  
  23  2:28  Refinery  
  23  2:33  SCV  
  24  2:45  SCV  
  24  2:47  Marine x2  
  26  2:57  SCV  
  27  3:01  Orbital Command  
  27  3:05  Marine x2  
  27  3:09  SCV  
  27  3:10  Factory Tech Lab  
  27  3:11  Starport  
  29  3:21  SCV  
  29  3:22  Bunker  
  29  3:23  Marine x2  
  29  3:25  Supply Depot  
  32  3:29  Orbital Command  
  32  3:34  SCV  
  32  3:39  Cyclone  
  32  3:41  Marine x2  
  37  3:46  SCV  
  39  3:58  SCV, Marine  
  39  3:59  Liberator, Marine  
  41  4:12  SCV  
  41  4:13  SCV  
  41  4:16  Marine x2  
  48  4:24  SCV  
  48  4:30  Factory Tech Lab  
  48  4:31  SCV  
  48  4:32  Barracks  
  48  4:35  Barracks  
  48  4:36  SCV, Marine x2  
  52  4:44  SCV  
  53  4:47  Supply Depot, Liberator  
  53  4:48  SCV  
  54  4:56  SCV  
  54  4:59  Factory Reactor, Marine x2  
  56  5:00  SCV  
  61  5:08  SCV  
  61  5:12  SCV  
  63  5:20  SCV, Marine x2  
  63  5:21  Stimpack, Marine  
  66  5:24  SCV  
  62  5:32  Command Center, SCV  
  61  5:36  SCV  
  61  5:40  Engineering Bay  
  61  5:41  Engineering Bay  
  62  5:44  SCV, Marauder x2  
  62  5:46  Combat Shields  
  67  5:52  Refinery, Starport Reactor  
  67  5:54  Widow Mine  
  69  6:02  Supply Depot  
  69  6:03  Supply Depot  
  69  6:04  Refinery  
  69  6:08  SCV  
  70  6:23  Widow Mine  
  70  6:24  SCV x2, Marine x4  
  78  6:36  SCV  
  78  6:37  SCV, Widow Mine  
  82  6:44  Terran Infantry Weapons Level 1, Terran Infantry Armor Level 1, Barracks x2  
  79  6:47  Barracks  
  79  6:48  Barracks  
  79  6:51  Orbital Command  
  79  6:52  Widow Mine  
  74  7:02  SCV  
  74  7:08  Medivac, Marauder x2  
  76  7:13  Medivac  
  76  7:15  Orbital Command  
  80  7:19  Marine x2  
  80  7:22  SCV  
  84  7:27  SCV  
  84  7:34  SCV, Barracks Reactor  
  84  7:35  Barracks Reactor, Barracks Tech Lab  
  85  7:39  SCV, Barracks Tech Lab, Marauder  
  85  7:41  Medivac  
  90  7:46  SCV  
  90  7:49  Marine, Medivac  
  90  7:50  Marauder, Marine  
  97  7:57  SCV x2  
  99  8:04  Supply Depot  
  99  8:05  Supply Depot  
  99  8:06  Supply Depot x2, Marauder  
  101  8:15  Armory  
  101  8:20  Supply Depot  
  101  8:25  SCV x3, Marauder  
  106  8:27  Supply Depot  
  106  8:33  Marine x2, Marauder x3  
  111  8:34  Marine  
  111  8:35  Marine  
  111  8:36  Marine  
  111  8:37  Liberator  
  111  8:38  Marine  
  115  8:41  Liberator  
  115  8:47  Marauder  
  117  8:51  Marine  
  117  8:52  Marine x3  
  117  8:54  Marauder x3, Marine  
  131  9:02  Concussive Shells  
  134  9:03  Terran Infantry Weapons Level 2  
  134  9:08  Marauder  
  134  9:09  Refinery  
  136  9:10  Refinery, Marine  
  136  9:11  Marine  
  136  9:14  Terran Infantry Armor Level 2  
  138  9:26  Marine  
  138  9:27  Marine x3  
  138  9:28  Marauder x2  
  138  9:30  Liberator  
  146  9:31  Marine  
  146  9:32  Marine  
  148  9:44  Supply Depot, SCV  
  149  9:45  SCV  
  149  9:46  Supply Depot, Marauder x2  
  149  9:48  Liberator  
  149  9:51  Command Center  
  149  9:52  Marauder  
  160  10:07  Marine x2  
  160  10:08  Marauder  
  160  10:14  Marauder x3  
  170  10:19  Marine x3  
  170  10:20  Liberator  
  173  10:23  Supply Depot  
  173  10:24  Marine  
  173  10:25  Supply Depot  
  173  10:26  Supply Depot  
  171  10:29  Marauder  
  171  10:31  Liberator  
  171  10:35  Marauder x2  
  166  10:40  Marauder  
  164  10:51  Marine, Marauder  
  164  10:53  Marine  
  164  10:54  Marine  
  164  10:56  Marauder, Marine  
  164  10:57  Marauder  
  174  10:58  Marine  
  174  11:01  Marauder  
  174  11:03  Liberator  
  177  11:14  Liberator  
  177  11:15  Widow Mine  
  177  11:16  Widow Mine  
  181  11:23  Terran Infantry Weapons Level 3  
  184  11:29  Planetary Fortress  
  187  11:35  Marine  
  187  11:36  Marine  
  187  11:42  Marine x2  
  187  11:44  Marauder x3  
  187  11:45  Marauder  
  191  12:03  Medivac  
  191  12:05  Marine x2  
  187  12:13  Medivac  
  184  12:16  Liberator  
  178  12:26  Liberator, Marine x4  
  178  12:27  Marauder x3  
  178  12:28  Marauder  
  194  12:46  Marine  
  194  12:47  Marine x3  
  194  12:48  Marauder  
  150  13:00  Marine x3  
  150  13:01  Marine x2  
  150  13:04  Marine x3  
  136  13:06  Liberator  
  136  13:09  Liberator  
  136  13:10  Marine, Marauder  
  135  13:14  Widow Mine x2  
  135  13:17  Marine  
  135  13:18  Marine  
  135  13:19  Marauder x3  
  140  13:22  Marine x3  
  148  13:28  Marine  
  148  13:31  Marauder  
  151  13:35  Marine x2  
  151  13:40  Marauder x2, Marine x2  
  151  13:41  Marauder  
  156  13:52  Starport  
  156  13:53  Refinery, Marauder  
  158  13:56  Command Center, Marine  
  158  13:57  Marine  
  158  14:02  Marauder x3  
  166  14:08  Marine x2  
  168  14:14  Marauder  
Tags
 
Add a new tag
Caveats
  • Supply blocks, unpowered buildings, or Contaminate may cause inaccurate times.
  • Supply counts are checked every 10 seconds.